 Dungeon Crawl Stone Soup version 0.26-a0-1033-gd598b01645 (webtiles) character file.

Game seed: 1291993575151977943

104 Maken the Insei (level 4, 0/29 HPs)
             Began as an Octopode Transmuter on Dec 11, 2020.
             Slain by a gnoll
             ... wielding a +0 club
              (7 damage)
             ... on level 2 of the Dungeon.
             The game lasted 00:03:55 (2739 turns).

Maken the Insei (Octopode Transmuter)               Turns: 2739, Time: 00:03:56

Health: 0/29       AC:  1    Str:  9    XL:     4   Next: 80%
Magic:  7/7        EV: 14    Int: 16    God:
Gold:   149        SH:  0    Dex: 12    Spells: 6/7 levels left

rFire    . . .     SeeInvis .   c - +0 dagger (venom)
rCold    . . .     Faith    .   (no shield)
rNeg     . . .     Spirit   .   (helmet restricted)
rPois    .         Reflect  .   (no amulet)
rElec    .         Harm     .   (no ring)
rCorr    .         Rampage  .   (no ring)
Will     .....                  (no ring)
Stlth    ++........             (no ring)
HPRegen  0.09/turn              (no ring)
MPRegen  0.10/turn              (no ring)
                                (no ring)
                                (no ring)

@: no status effects
A: almost no armour, stealthy swim, amphibious, 8 rings, constrict 8, camouflage
1, gelatinous body 1
a: no special abilities


You were on level 2 of the Dungeon.
You visited 1 branch of the dungeon, and saw 3 of its levels.

You collected 149 gold pieces.

Inventory:

Hand Weapons
 c - a +0 dagger of venom (weapon)
Scrolls
 d - a scroll of blinking {unknown}
 e - a scroll of immolation {unknown}
 g - 2 scrolls of teleportation {unknown}
 h - a scroll of fog {unknown}
 l - a scroll of remove curse {unknown}
Potions
 a - 5 potions of curing
 f - 2 potions of cancellation
 i - a potion of haste {unknown}
 j - a potion of might
 k - a potion of attraction {unknown}
 m - a potion of brilliance {unknown}


   Skills:
 + Level 2.0 Fighting
 + Level 2.7 Dodging
 + Level 3.6 Unarmed Combat
 - Level 2.0 Spellcasting
 * Level 3.3 Transmutations


You had 6 spell levels left.
You knew the following spells:

 Your Spells              Type           Power        Failure   Level
a - Beastly Appendage     Tmut           ##....       5%          1

Your spell library contained the following spells:

 Spells                   Type           Power        Failure   Level
 Wereblood                Tmut           ##......     8%          2
 Spider Form              Tmut/Pois      #.........   30%         3
 Ice Form                 Ice/Tmut       #.......     71%         4
 Blade Hands              Tmut           ##........   82%         5


Dungeon Overview and Level Annotations

Branches:
Dungeon (3/15)

Altars:
Lugonu

Portals:
Abyss: D:1


Innate Abilities, Weirdness & Mutations

You cannot wear most types of armour.
You are very stealthy in the water. (Stealth+)
You are amphibious.
You can wear up to eight rings at the same time.
You can use your tentacles to constrict eight enemies at once.
Your skin changes colour to match your surroundings (Stealth+).
Your rubbery body absorbs attacks. (AC +1, EV +1)


Message History

j - a potion of might Done exploring.
There is a stone staircase leading down here.
You climb downwards.
A bat and 3 gnolls come into view.
The gnoll shouts! x3
Found 3 silver javelins.
There is a stone staircase leading up here.
You hit the gnoll but do no damage. Your grab misses the gnoll.
The gnoll hits you with a +0 flail!
The gnoll hits you from afar with a +0 spear!
You climb upwards.
There is a stone staircase leading down here.
The gnoll misses you.
You hit the gnoll.
The gnoll is poisoned.
Your grab misses the gnoll.
The gnoll is moderately wounded.
The gnoll hits you with a +0 club!
* * * LOW HITPOINT WARNING * * *
The gnoll hits you with a +0 club!
You die...

######.# #......#
#.####.# #.# #.# #
#.# #.#
#############.# #.#
..............# #.#
##################.##
.............g.g@...#
.####################
.# #.........# .#
#.######.## .# #.#
#.# .# #.# #.# .# #.#
#[# .####### #.# #.#
.......# #.# #.#


You could see 2 gnolls.

Vanquished Creatures
  Robin (D:2)
  2 adders (D:2)
  2 oozes
  3 dart slugs
  2 leopard geckos
  3 bats
  4 giant cockroaches
  10 goblins
  9 hobgoblins
  4 jackals (D:2)
  A quokka (D:2)
  A ball python (D:2)
  5 frilled lizards
  4 kobolds
  5 rats
56 creatures vanquished.

Notes
Turn   | Place    | Note
-------+----------+-------------------------------------------
     0 | D:1      | Maken the Octopode Transmuter began the quest for the Orb.
     0 | D:1      | Reached XP level 1. HP: 13/13 MP: 3/3
   167 | D:1      | Found a corrupted altar of Lugonu.
   167 | D:1      | Found a one-way gate to the infinite horrors of the Abyss.
   167 | D:1      | Noticed an iron imp
   167 | D:1      | Noticed a quasit
   167 | D:1      | Noticed an iron imp
   167 | D:1      | Noticed a quasit
   167 | D:1      | Noticed an iron imp
   167 | D:1      | Noticed a quasit
   167 | D:1      | Noticed a quasit
   167 | D:1      | Noticed an iron imp
   170 | D:1      | Reached XP level 2. HP: 17/18 MP: 5/5
   788 | D:1      | Reached XP level 3. HP: 22/23 MP: 6/6
  1562 | D:2      | Reached XP level 4. HP: 12/29 MP: 7/7
  2130 | D:2      | Noticed Robin
  2148 | D:2      | Killed Robin
  2739 | D:2      | Slain by a gnoll

Illustrated notes

Levels and vault maps discovered:
D:1:      erik_arrival_cave_to_civilisation [erik_arrival_cave_to_temple],
          layout_basic, st_stairs_12
D:2:      layout_basic, nicolae_underground_beach, uniq_robin
D:3:      layout_basic, lemuel_coloured_pillars_altar, old_standard_altar,
          dk_noncrumbling_2, kennysheep_generic_room_15

Skill      XL: |  1  2  3  4 |
---------------+-------------+-----
Transmutations | 3 |  3.3
Fighting       | 2 |  2.0
Dodging        | |  2.7
Unarmed Combat | |  3.6
Spellcasting   | |  2.0

Action                   |  1- 3 |  4- 6 || total
-------------------------+-------+-------++-------
Melee: Unarmed           |     7 |       ||     7
       Tentacles         |    14 |    10 ||    24
       Constrict         |    23 |    13 ||    36
       Dagger            |    70 |    42 ||   112
       Punch             |       |     2 ||     2
  Use: Scroll            |       |     3 ||     3
 Stab: Sleeping          |     8 |     2 ||    10
Armor: Skin              |     5 |     1 ||     6
Dodge: Dodged            |    38 |    26 ||    64

Table legend: (Time is in decaauts)
 A = Elapsed time spent in this place.
 B = Non-inter-level travel time spent in this place.
 C = Inter-level travel time spent in this place.
 D = Time resting spent in this place.
 E = Time spent auto-exploring this place.
 F = Levels seen in this place.
 G = Mean time per level.
                   A        B        C        D        E       F      G
               +--------+--------+--------+--------+--------+-----+--------+
         Total |   2737 |   2657 |     80 |    182 |   2152 |   3 |  912.3 |
       Dungeon |   2737 |   2657 |     80 |    182 |   2152 |   3 |  912.3 |
               +--------+--------+--------+--------+--------+-----+--------+

Top non-repeatable levels by time:
     D:2: 1478 daAuts
     D:1: 1256 daAuts
     D:3: 2 daAuts
